Map: Automaton LE

Players

uThermal

  • Race: Terran Terran
  • Spawn Location: 3:00

Lambo - Winner!

  • Race: Zerg Zerg
  • Spawn Location: 9:00

Event: 2019 WCS Spring

VOD

Have the link to the VOD?

Description

Time

  • Played on: May 18, 2019, 10:45 a.m.
  • Length: 15:31

All games in this series

Show
View Real Time Build Order
Export as new Build Order

uThermal Terran 

Build Orders: Reaper Expand 

Get SALT Encoding   

  12  0:01  SCV  
  13  0:13  SCV  
  14  0:17  Supply Depot  
  14  0:25  SCV  
  15  0:39  SCV  
  15  0:40  Barracks  
  16  0:44  Refinery  
  16  0:51  SCV  
  17  1:03  SCV  
  18  1:15  SCV  
  19  1:27  Reaper  
  19  1:28  Orbital Command  
  20  1:41  Command Center  
  20  1:53  SCV  
  21  1:57  Barracks  
  21  2:01  Barracks Reactor  
  21  2:05  SCV  
  22  2:11  Supply Depot  
  22  2:18  SCV  
  22  2:19  Refinery  
  23  2:32  SCV  
  23  2:34  Factory  
  24  2:38  Marine  
  24  2:42  Marine  
  26  2:44  SCV  
  26  2:45  Barracks Tech Lab  
  27  2:56  Orbital Command, SCV  
  28  3:00  Marine x2  
  29  3:06  Stimpack  
  29  3:09  Marine  
  29  3:10  SCV  
  31  3:18  Marine x2  
  33  3:21  SCV  
  33  3:22  SCV  
  35  3:28  Starport  
  35  3:30  Factory Reactor  
  35  3:34  SCV  
  36  3:35  SCV  
  36  3:36  Marine  
  36  3:38  Marine  
  39  3:41  Marine  
  39  3:45  Supply Depot  
  39  3:47  SCV  
  42  3:48  SCV  
  42  3:54  Marine  
  43  3:55  Marine  
  43  3:59  Marine, SCV  
  46  4:07  SCV  
  47  4:10  Supply Depot  
  47  4:11  SCV  
  47  4:12  Marine  
  47  4:13  Medivac  
  47  4:14  Medivac  
  53  4:17  Marine  
  54  4:31  Marine, SCV x2  
  54  4:32  Marine  
  54  4:35  Engineering Bay x2  
  58  4:39  Marine  
  58  4:40  Supply Depot  
  58  4:43  SCV x2  
  61  4:49  Marine  
  62  4:56  Supply Depot  
  62  5:02  Marine x2, Terran Infantry Armor Level 1, SCV x2, Terran Infantry Weapons Level 1  
  62  5:07  Marine  
  66  5:13  Combat Shield  
  67  5:14  SCV x2  
  67  5:18  Command Center  
  67  5:19  Marine  
  69  5:22  Medivac  
  69  5:23  Marine  
  69  5:24  Marine  
  69  5:26  SCV  
  74  5:31  Supply Depot  
  74  5:33  SCV  
  74  5:35  Supply Depot  
  75  5:37  Marine, Medivac  
  78  5:44  Refinery  
  78  5:45  Supply Depot  
  78  5:53  Marine x2  
  78  5:55  Marine  
  81  5:57  Supply Depot  
  81  5:58  Refinery  
  81  6:02  Factory Tech Lab  
  81  6:03  Barracks  
  81  6:06  SCV  
  81  6:10  Marine x2  
  84  6:14  Marine, SCV  
  84  6:18  SCV  
  87  6:21  Siege Tank  
  90  6:27  SCV  
  90  6:28  Marine x2  
  90  6:31  Marine  
  94  6:36  Orbital Command  
  94  6:38  SCV  
  95  6:46  Marine x2  
  97  6:47  Barracks  
  97  6:48  Barracks  
  97  6:49  Marine, Medivac  
  97  6:50  Medivac  
  97  6:52  Marine  
  103  6:56  SCV  
  103  6:58  SCV  
  105  7:04  Marine x2  
  105  7:07  Marine  
  107  7:12  Siege Tank, Barracks Reactor  
  107  7:17  Orbital Command  
  107  7:18  Armory  
  107  7:22  Marine  
  108  7:29  Marine x2  
  93  7:30  Medivac  
  93  7:31  Medivac  
  93  7:34  SCV x2  
  97  7:39  Marine, Barracks Reactor x2  
  97  7:43  SCV  
  99  7:46  SCV x2  
  99  7:47  Marine x2, Siege Tank  
  99  7:50  Marine x2  
  108  7:55  SCV  
  108  7:57  Marine  
  110  7:58  SCV  
  110  8:05  Marine x2  
  116  8:07  Supply Depot  
  116  8:08  Marine, Supply Depot  
  116  8:10  SCV  
  116  8:12  Supply Depot  
  118  8:13  Terran Infantry Weapons Level 2  
  118  8:14  Supply Depot  
  118  8:16  Terran Infantry Armor Level 2  
  118  8:18  Marine  
  116  8:22  SCV  
  116  8:24  Marine x4  
  121  8:27  Supply Depot, Missile Turret  
  121  8:29  Missile Turret  
  121  8:35  Siege Tank  
  121  8:37  Marine  
  121  8:38  Marine x4  
  121  8:40  Medivac  
  128  8:44  Marine x3  
  128  8:46  Terran Vehicle Weapons Level 1  
  128  8:48  Marine  
  132  8:55  Marine x2  
  132  8:56  Marine x3  
  132  8:59  Supply Depot  
  132  9:02  Marine x2  
  139  9:04  Marine  
  139  9:06  Marine  
  141  9:13  Marine x3  
  141  9:14  Marine, Siege Tank  
  141  9:16  Marine  
  149  9:17  Supply Depot x2  
  149  9:19  Marine  
  149  9:20  Marine  
  151  9:26  Marine  
  151  9:30  Marine  
  151  9:31  Marine, Supply Depot  
  153  9:32  Marine, Medivac x2  
  153  9:35  Marine  
  160  9:41  Marine x2  
  160  9:43  Marine  
  160  9:44  Marine  
  162  9:46  Siege Tank  
  162  9:47  Marine  
  162  9:49  Marine x2  
  168  9:53  Marine  
  169  10:01  Command Center  
  169  10:02  Marine x2, Supply Depot  
  169  10:03  Marine  
  172  10:07  Medivac x2  
  172  10:08  Marine  
  172  10:11  Marine x2  
  172  10:13  Marine  
  179  10:21  Marine  
  180  10:29  Marine  
  180  10:33  Marine x3  
  183  10:38  Marine x2, Siege Tank  
  183  10:42  Marine x2  
  190  10:45  Terran Infantry Weapons Level 3  
  190  10:48  Marine, Terran Infantry Armor Level 3  
  189  10:52  Marine  
  189  10:54  Marine x2  
  182  10:57  Marine x3  
  182  11:00  Marine  
  182  11:02  Marine  
  186  11:06  Marine  
  186  11:10  Marine, Siege Tank  
  191  11:12  Marine x2  
  191  11:15  Marine x3  
  191  11:17  Marine  
  197  11:21  Marine  
  197  11:24  Marine  
  189  11:27  Marine  
  189  11:30  SCV  
  189  11:31  Liberator x2  
  187  11:34  Marine x3  
  187  11:36  Marine x2  
  192  11:44  Marine x2  
  192  11:46  Marine, Siege Tank  
  178  11:49  Marine  
  185  11:57  Marine  
  150  12:13  Marine x8  
  150  12:14  Liberator x2  
  117  12:16  Marine  
  117  12:18  Siege Tank  
  117  12:20  Barracks  
  117  12:21  Barracks  
  115  12:30  SCV  
  115  12:31  Marine x7  
  115  12:33  SCV  
  130  12:37  Planetary Fortress  
  130  12:38  Marine  
  130  12:39  Marine  
  130  12:40  SCV  
  133  12:48  Marine  
  133  12:49  Marine x6  
  133  12:50  Siege Tank  
  143  12:56  Marine, Liberator  
  143  12:57  Marine  
  145  13:05  Refinery, SCV  
  146  13:06  Marine x3, Refinery, SCV  
  146  13:07  Marine  
  146  13:09  Marine x2, SCV  
  146  13:10  Marine x3  
  156  13:14  Marine x2  
  161  13:23  Liberator  
  161  13:24  Marine x4  
  165  13:28  Command Center  
  165  13:30  Marine  
  165  13:32  Marine x2  
  165  13:33  Siege Tank  
  171  13:35  Marine  
  171  13:36  Marine x2  
  171  13:41  Marine  
  178  13:42  Marine  
  178  13:43  Marine  
  178  13:44  Marine  
  178  13:47  Marine x2  
  183  13:50  Marine x2  
  183  13:52  Marine  
  183  13:54  Marine  
  187  13:56  Liberator  
  187  14:00  Marine x2  
  187  14:01  Marine x2  
  190  14:05  Siege Tank  
  190  14:07  Marine x3  
  190  14:13  Marine  
  190  14:14  Marine  
  186  14:18  Barracks Tech Lab  
  186  14:19  Marauder  
  186  14:21  Barracks Tech Lab  
  178  14:26  Marine  
  166  14:31  Marine x3  
  166  14:37  Siege Tank, Marine  
  172  14:45  Marine x3  
  172  14:51  Command Center  
  169  14:52  Marine  
  169  14:53  Marine x3  
  173  15:03  Marine, Marauder  
Show
View Real Time Build Order
Export as new Build Order

Lambo Zerg - Winner!

Build Orders: Hatch First 

Get SALT Encoding   

  12  0:00  Drone  
  13  0:12  Overlord  
  13  0:17  Drone  
  14  0:31  Drone x2  
  16  0:49  Hatchery  
  15  0:53  Drone  
  15  0:56  Drone  
  17  1:01  Drone  
  18  1:11  Extractor  
  18  1:15  Spawning Pool  
  16  1:19  Drone  
  16  1:22  Drone  
  18  1:29  Drone  
  19  1:42  Drone  
  20  1:50  Overlord  
  20  2:04  Queen  
  20  2:05  Queen, Zergling x4  
  26  2:13  Drone x2  
  28  2:16  Metabolic Boost  
  28  2:22  Drone x2  
  30  2:33  Drone  
  30  2:36  Drone  
  32  2:44  Queen  
  31  2:47  Overlord  
  33  2:53  Pneumatized Carapace  
  33  3:05  Hatchery  
  33  3:07  Drone x2  
  33  3:09  Drone  
  35  3:13  Drone x2  
  35  3:17  Drone  
  35  3:18  Drone  
  39  3:26  Drone  
  40  3:28  Overlord  
  40  3:32  Queen  
  42  3:35  Drone  
  42  3:38  Drone  
  44  3:45  Evolution Chamber  
  44  3:46  Drone x2  
  44  3:47  Drone x2  
  47  3:50  Zergling x2  
  47  3:52  Drone  
  47  3:55  Drone  
  50  3:56  Drone  
  50  3:58  Drone  
  50  4:01  Overlord  
  52  4:11  Overlord  
  52  4:13  Zerg Ground Armor Level 1  
  52  4:14  Overlord  
  51  4:18  Queen  
  51  4:21  Drone x2  
  51  4:22  Drone  
  56  4:24  Drone  
  56  4:27  Baneling Nest  
  56  4:30  Drone  
  57  4:32  Queen  
  57  4:35  Drone x2  
  57  4:37  Drone x2  
  63  4:39  Zergling x4  
  63  4:45  Drone  
  66  4:46  Queen  
  66  4:47  Overlord  
  66  4:48  Zergling x2  
  66  4:52  Zergling x6  
  72  4:58  Zergling x2  
  72  4:59  Queen  
  75  5:01  Zergling x2  
  75  5:02  Zergling x2  
  75  5:05  Zergling x6  
  80  5:13  Zergling x6  
  83  5:16  Lair  
  83  5:21  Drone x3  
  85  5:23  Extractor x2, Zergling x4  
  86  5:31  Drone x3  
  86  5:34  Overlord  
  89  5:36  Overlord  
  89  5:38  Overlord  
  89  5:39  Extractor  
  89  5:40  Overlord  
  88  5:45  Drone  
  89  5:50  Evolution Chamber  
  86  5:57  Drone x2  
  86  5:58  Drone x2  
  86  5:59  Zergling x4  
  86  6:02  Zergling x2  
  86  6:03  Baneling x2  
  86  6:04  Baneling x2  
  93  6:06  Zergling x8  
  93  6:07  Hatchery  
  96  6:12  Drone  
  96  6:14  Zergling x6  
  96  6:15  Centrifical Hooks  
  96  6:16  Zerg Melee Weapons Level 1  
  100  6:18  Zergling x2  
  100  6:19  Zergling x2  
  100  6:20  Baneling  
  100  6:22  Zergling x2  
  100  6:23  Zergling x4  
  100  6:25  Queen  
  107  6:27  Queen  
  107  6:29  Overlord  
  107  6:30  Zergling x4  
  111  6:35  Drone x2  
  111  6:36  Overlord  
  113  6:43  Overlord  
  113  6:45  Overlord  
  113  6:47  Overlord  
  113  6:50  Zergling x12  
  113  6:51  Zerg Ground Armor Level 2  
  113  6:54  Zergling x4  
  121  6:55  Overseer  
  121  6:56  Baneling x3  
  121  7:00  Zergling x2  
  123  7:03  Zergling x8  
  127  7:14  Hatchery  
  124  7:27  Zergling x2  
  124  7:28  Zergling x12  
  117  7:35  Queen  
  119  7:39  Zergling x6  
  119  7:42  Overlord  
  119  7:43  Zergling x4  
  124  7:45  Zergling x4  
  124  7:46  Baneling x4  
  124  7:47  Baneling x2  
  124  7:49  Hatchery  
  124  7:50  Lair  
  125  7:53  Extractor  
  125  7:54  Zergling x6  
  127  8:04  Drone x5  
  132  8:09  Zergling x4  
  132  8:10  Baneling x5  
  132  8:16  Zergling x8  
  132  8:19  Zergling x2  
  127  8:24  Zergling x8  
  127  8:26  Drone  
  127  8:27  Drone  
  132  8:29  Drone  
  132  8:30  Drone x2  
  128  8:34  Zergling x4  
  128  8:39  Zergling x4  
  132  8:42  Queen  
  132  8:45  Queen  
  132  8:47  Drone x2  
  132  8:48  Drone x2  
  140  8:51  Zergling x6  
  140  8:52  Baneling x7  
  140  8:54  Zergling x2  
  144  8:55  Baneling  
  144  8:58  Zerg Melee Weapons Level 2  
  144  9:00  Baneling x7  
  144  9:02  Infestation Pit  
  141  9:04  Zergling x10  
  146  9:13  Zergling x12  
  152  9:17  Drone x2  
  152  9:18  Drone x3  
  152  9:19  Zergling x2  
  158  9:24  Zergling x8  
  159  9:31  Zergling x6  
  159  9:36  Zergling x6  
  164  9:44  Zergling x2, Overlord  
  164  9:45  Overlord  
  165  9:46  Queen, Hive  
  165  9:51  Overlord  
  165  9:55  Overlord  
  165  9:58  Zergling x2  
  165  10:00  Baneling x7  
  165  10:02  Queen  
  165  10:06  Zergling x28  
  181  10:10  Zergling x6  
  181  10:11  Baneling x5  
  181  10:13  Zergling x2  
  181  10:14  Zergling x6  
  188  10:18  Zergling x4  
  190  10:22  Baneling x5  
  190  10:23  Baneling  
  190  10:25  Zergling x14  
  196  10:36  Zergling x2  
  196  10:38  Baneling  
  196  10:39  Baneling x11  
  197  10:45  Overlord  
  197  10:47  Overlord  
  197  10:48  Overlord  
  197  10:53  Zergling x6  
  197  10:56  Overlord  
  197  10:57  Overlord  
  197  10:59  Zerg Ground Armor Level 3  
  197  11:02  Ultralisk Cavern  
  194  11:10  Zergling x16  
  200  11:17  Hatchery  
  199  11:21  Zergling x8  
  192  11:32  Drone x4  
  194  11:34  Drone x2  
  194  11:38  Zergling x10  
  198  11:43  Zergling x8  
  198  11:44  Zergling x10  
  185  11:47  Overlord  
  185  11:48  Baneling  
  185  11:49  Overlord, Baneling x5  
  185  11:54  Baneling  
  185  11:55  Overlord, Baneling x3  
  185  11:58  Zergling x10  
  186  12:05  Chitinous Plating, Zergling x8  
  186  12:06  Zerg Melee Weapons Level 3  
  186  12:08  Ultralisk  
  162  12:11  Ultralisk, Zergling x4  
  146  12:18  Drone x6  
  146  12:21  Zergling x4  
  153  12:26  Ultralisk  
  153  12:33  Baneling x4  
  153  12:34  Queen x2  
  157  12:37  Baneling x3  
  157  12:38  Zergling x16  
  157  12:40  Drone x2  
  167  12:49  Zergling x4  
  167  12:50  Zergling x10  
  174  12:56  Hatchery  
  174  12:57  Zergling x8  
  175  13:02  Zergling x16  
  175  13:03  Baneling  
  175  13:04  Baneling x6  
  183  13:10  Zergling x2  
  183  13:16  Spire  
  183  13:17  Drone x4  
  183  13:19  Extractor, Zergling x12  
  191  13:20  Baneling x2  
  191  13:24  Anabolic Synthesis  
  191  13:38  Overlord  
  191  13:50  Drone x3  
  190  14:03  Zergling x22  
  190  14:05  Baneling x11  
  197  14:16  Ultralisk x2, Zergling x14  
  199  14:18  Zergling x4  
  199  14:23  Zergling x2  
  200  14:28  Zergling x10  
  187  14:43  Zergling x32  
  175  14:49  Corruptor x3  
  174  14:53  Queen x2  
  174  14:55  Zergling x2  
  174  14:56  Baneling x3  
  174  14:57  Baneling x7  
  179  15:00  Zergling x12, Baneling x4  
  179  15:04  Zergling x6  
  177  15:07  Zergling x2  
Tags
 
Add a new tag
Caveats
  • Supply blocks, unpowered buildings, or Contaminate may cause inaccurate times.
  • Supply counts are checked every 10 seconds.